Cogmind - Beta 16 @@@ ROGUE MODE // 2025.12.03 @ 12:45:19 Player: StaticNoob Result: Heading to fleet! Performance ------------- Evolutions (9) 4500 Regions Visited (27) 5400 Robots Destroyed (261) 1305 Value Destroyed (12785) 12785 Prototype IDs (79) 1580 Alien Tech Used (10) 2000 Bonus (20492) 20492 TOTAL SCORE: 48062 Bonus ------- Triggered Max Security 2000 High Alert Combat Kills 2220 Follower Combat Kills 2938 Network Hubs Disabled 400 Met Data Miner 300 Met Imprinter 300 Was Imprinted 300 Met Zhirov 300 Built Enhanced Grunts 300 A7 Reached Mainframe 300 Met R17 at Cetus 500 Read Decrypted Archives 300 Used Core Reset Matrix 3000 Integrated Exoskeleton 5000 Win 3000 Friendly Fire -666 Cogmind --------- Core Integrity 1154/1600 Matter 300/300 Energy 438/440 System Corruption 2% Temperature Cool (0) Movement Walking (30) Location To Fleet Rendezvous Parts ------- > --- POWER (1) -------- Particle Reactor > --- PROPULSION (3) --- Sigix Exoskeleton > --- UTILITY (5) ------ Advanced Coolant Injector Large Storage Unit Advanced Weight Redist. System Precision Matter Filter Graphene Brace > --- WEAPON (2) ------- Sigix Sheargun Sigix Sheargun > --- INVENTORY (15) --- Matter Drive Medium Matter Pod (100) Phase Armor Experimental Force Field Advanced Point Defense System Z-Drone Bay (1/2) High-powered Transdimensional Reconstructor Hypervelocity Railgun Hypervelocity Railgun Core Stripper Peak State ------------ > --- POWER ------------ Particle Reactor > --- PROPULSION ------- Sigix Exoskeleton > --- UTILITY ---------- Advanced Coolant Injector Large Storage Unit Precision Matter Filter Graphene Brace Improved Remote Shield > --- WEAPON ----------- Sigix Sheargun Sigix Sheargun > --- INVENTORY -------- Matter Drive Medium Matter Pod Phase Armor Experimental Force Field Advanced Point Defense System High-powered Transdimensional Reconstructor High-powered Transdimensional Reconstructor Hypervelocity Railgun Hypervelocity Railgun Core Stripper [Rating: 234] Favorites ----------- Power Improved Deuterium Engine Engine Improved Deuterium Engine Power Core Enhanced Nuclear Core Reactor Light Antimatter Reactor Propulsion Carbon-fiber Leg Treads Light Treads Leg Carbon-fiber Leg Wheel Wheel Flight Unit Improved Diametric Drive Utility High-capacity Storage Unit Device Improved Sensor Array Storage High-capacity Storage Unit Processor Advanced Signal Interpreter Hackware Hacking Suite Protection Centrium Medium Armor Plating Artifact Phase Armor Weapon Gauss Rifle Energy Gun Sigix Sheargun Energy Cannon Subdweller Beam Cannon Ballistic Gun Gauss Rifle Ballistic Cannon Enhanced Gauss Cannon Launcher Improved Grenade Launcher Special Weapon Plasma Cutter Impact Weapon Core Stripper Piercing Weapon Force Lance Special Melee Weapon Improved Datajack Build | -11 -10 -10 -8 -7 -7 -7 -7 -7 -7 -6 -6 -6 -6 -6 -5 -5 -5 -5 -5 -5 -4 -3 -3 -2 -2 -2 -1 ------- Run | Yrd Mat Sub Mat Fac Was Fac Low Low Zio Pro Fac Low Low Dat Pro Fac Ext Cet Arc Hub Fac Res Tes Res Qua Sec Acc Slots Evolved 18 | . . . 4 2 . . . . . . 2 . . . . 2 . . . . 2 2 . 2 . . 2 Power 1 | . . . . 1 . . . . . . . . . . . . . . . . . . . . . . . Propulsion 4 | . . . 2 . . . . . . . . . . . . 1 . . . . . . . 1 . . . Utility 13 | . . . 2 1 . . . . . . 2 . . . . 1 . . . . 2 2 . 1 . . 2 Weapon . | . . . . . . . . . . . . . . . . . . . . . . . . . . . . Parts Attached 226 | 7 6 4 23 10 3 4 3 . 4 2 11 12 2 1 1 8 24 7 1 6 33 6 4 19 11 9 5 Power 32 | 1 1 . 2 2 . 1 . . . . 2 2 1 . . 2 7 1 . 1 3 1 . 3 . 2 . Engine 10 | 1 1 . 1 1 . . . . . . 1 1 1 . . 1 1 . . . . . . 1 . . . Core 12 | . . . 1 1 . 1 . . . . 1 1 . . . 1 5 . . 1 . . . . . . . Reactor 10 | . . . . . . . . . . . . . . . . . 1 1 . . 3 1 . 2 . 2 . Propulsion 61 | 2 2 . 14 5 1 1 . . . 1 2 4 1 . . . 5 . 1 2 6 2 1 6 2 3 . Treads 29 | 2 2 . 12 . . . . . . . . . . . . . . . . . . 2 . 6 2 3 . Leg 29 | . . . . 5 1 1 . . . 1 2 4 1 . . . 5 . 1 2 6 . . . . . . Wheel 2 | . . . 2 . . . . . . . . . . . . . . . . . . . . . . . . Hover . | . . . . . . . . . . . . . . . . . . . . . . . . . . . . Flight 1 | . . . . . . . . . . . . . . . . . . . . . . . 1 . . . . Utility 81 | 2 1 1 4 2 . . 1 . 3 1 6 2 . . . 4 8 3 . 3 15 3 1 8 8 3 2 Device 42 | 1 . . 1 . . . 1 . . 1 4 1 . . . 2 7 . . 2 9 3 1 1 4 2 2 Storage 8 | 1 1 1 1 1 . . . . . . . . . . . . . . . 1 1 . . 1 . . . Processor 17 | . . . 1 . . . . . 3 . 1 1 . . . 1 1 1 . . 4 . . 3 . 1 . Hackware 2 | . . . 1 . . . . . . . . . . . . . . . . . 1 . . . . . . Protection 11 | . . . . 1 . . . . . . 1 . . . . 1 . 2 . . . . . 3 3 . . Artifact 1 | . . . . . . . . . . . . . . . . . . . . . . . . . 1 . . Weapon 52 | 2 2 3 3 1 2 2 2 . 1 . 1 4 . 1 1 2 4 3 . . 9 . 2 2 1 1 3 Energy Gun 5 | 1 . . . . 1 . . . . . . . . . . . . . . . . . 1 . . . 2 Energy Cannon 5 | . . 1 . . . . . . . . . 1 . . . . . . . . 1 . . 1 . 1 . Ballistic Gun 26 | 1 1 2 3 . 1 2 . . . . 1 3 . . 1 1 2 3 . . 5 . . . . . . Ballistic Cannon 7 | . 1 . . . . . 1 . . . . . . . . 1 1 . . . 1 . 1 . 1 . . Launcher 3 | . . . . 1 . . 1 . . . . . . . . . . . . . 1 . . . . . . Special Weapon 1 | . . . . . . . . . 1 . . . . . . . . . . . . . . . . . . Impact Weapon 1 | . . . . . . . . . . . . . . . . . . . . . . . . . . . 1 Slashing Weapon . | . . . . . . . . . . . . . . . . . . . . . . . . . . . . Piercing Weapon 1 | . . . . . . . . . . . . . . . . . . . . . . . . 1 . . . Special Melee Weapon 3 | . . . . . . . . . . . . . . 1 . . 1 . . . 1 . . . . . . Unidentified Prototypes 24 | . . . 1 . . . . . 4 . 1 . . . 1 . 3 2 1 1 . . 3 . 6 1 . Parts Lost 90 | . 1 3 5 . 1 . 1 . 2 2 8 12 3 . . 2 6 4 2 1 25 5 . 3 2 2 . Power 14 | . 1 . . . . . . . . . 1 3 1 . . . 2 . . 1 5 . . . . . . Propulsion 27 | . . . 5 . . . . . . 1 4 2 1 . . . 1 1 1 . 6 2 . 2 1 . . Utility 28 | . . 1 . . . . 1 . 2 . 3 1 . . . 1 3 2 1 . 8 2 . 1 1 1 . Weapon 21 | . . 2 . . 1 . . . . 1 . 6 1 . . 1 . 1 . . 6 1 . . . 1 . Highest Loss Streak 7 | . 1 3 2 . 1 . 1 . 2 2 3 7 3 . . 1 4 2 2 1 7 5 . 2 1 2 . To Critical Strikes 2 | . . . . . . . . . . . . . . . . . . . . . 2 . . . . . . Average Backups 15 | 1 6 12 12 12 18 19 18 18 19 18 18 15 16 15 17 17 18 18 19 17 16 4 4 5 12 11 10 Power 1 | . 1 2 1 . 1 1 1 1 1 1 1 . 2 2 2 2 1 1 2 1 . . . . 1 . . Propulsion 3 | . 1 6 4 1 1 1 2 2 3 2 3 4 4 4 4 4 6 8 8 6 3 . . . . . . Utility 5 | . . 1 1 6 9 9 8 8 8 8 6 6 6 7 7 6 4 4 4 4 4 2 2 1 3 4 4 Weapon 3 | . 1 . 2 2 3 5 5 5 5 4 4 2 1 1 2 2 4 3 3 3 5 1 1 1 5 3 3 Tool/Special . | . . . . . . . . . . . . . . . . . . . . . . . . . . . . Unused Backups 54 | . . . 9 . 1 3 2 . 3 . . . . . . 2 4 . . 3 13 . 3 . 5 1 5 Power 6 | . . . 2 . . . . . . . . . . . . . 1 . . . 2 . . . . 1 . Propulsion 17 | . . . 4 . . 2 . . . . . . . . . 1 1 . . 3 6 . . . . . . Utility 12 | . . . 1 . . 1 2 . 2 . . . . . . 1 . . . . 2 . 1 . 1 . 1 Weapon 14 | . . . 2 . 1 . . . . . . . . . . . 2 . . . 2 . 2 . 3 . 2 Tool/Special 5 | . . . . . . . . . 1 . . . . . . . . . . . 1 . . . 1 . 2 Average Slot Usage (%) 89 | . 99 98 98 81 83 87 87 87 86 87 83 91 99 89 99 99 99 98 98 96 91 50 37 72 85 83 80 Engine 4 | . 13 14 5 6 6 6 6 6 6 6 1 6 6 6 6 6 2 . . . . . . 2 . . . Core 3 | . . . 3 5 6 6 6 6 6 6 9 3 6 6 6 4 4 5 5 4 2 . . . . . . Reactor 1 | . . . . . . . . . . . . . . . . . 3 4 5 5 5 . . 3 8 8 9 Treads 7 | . 28 28 33 . . . . . . . . . . . . . . . . . . 5 9 15 18 14 . Leg 18 | . . . . 24 29 31 31 31 31 31 21 21 25 26 25 27 26 27 26 26 23 7 . . . 2 9 Device 14 | . 14 2 8 6 6 6 10 12 11 12 13 18 20 20 19 20 21 15 11 13 18 15 13 15 17 23 35 Storage 6 | . 14 24 9 6 6 6 6 6 6 6 5 6 6 6 6 5 5 5 5 5 4 . . 1 4 5 9 Processor 11 | . . . 8 6 6 6 6 6 7 12 13 20 20 20 19 16 12 13 15 11 14 17 13 16 19 13 . Hackware 2 | . . . 8 6 6 6 6 6 4 . . . . . . . . . . . . . . . . . . Protection 2 | . . . . 5 6 6 1 . . . 3 . . . . 1 4 7 10 11 7 . . 4 5 2 . Ballistic Gun 10 | . 27 19 17 11 2 8 11 12 12 12 7 12 13 2 14 14 9 11 10 11 11 . . . . . . Ballistic Cannon 1 | . . 3 . . . . . . . . 2 . . . . 1 5 4 5 5 2 . . 3 4 2 . Peak Build Rating 234 | 7 8 13 33 62 68 71 70 70 80 82 89 78 71 71 77 86 103 116 116 117 136 78 71 149 187 222 234 Average Rating 83 | 4 7 10 26 56 62 69 69 70 72 81 84 65 68 63 73 84 97 111 113 111 117 58 46 114 169 191 230 On Entrance 75 | . 7 8 13 33 62 68 70 70 70 80 82 78 67 71 71 77 84 97 116 106 115 34 48 55 144 179 221 Avg Prop Armor Cover (%) 26 | . . . 6 . . . . . . . . . . . . . . . . . 34 28 36 9 . 3 . Naked Turns . | . . . . . . . . . . . . . . . . . . . . . . . . . . . . Heaviest Build 116 | 11 28 37 38 66 71 70 71 68 68 68 86 73 70 70 75 81 104 105 105 110 113 21 4 93 116 112 67 Greatest Support 211 | 40 40 40 84 107 112 117 117 117 117 117 117 75 75 75 75 95 118 118 116 116 126 65 7 170 206 211 69 Greatest Overweight (x) 21 | 2 . . 1 . . . . . . . 1 3 . . . . . . 1 . 21 2 1 1 . 1 1 Average Overweight (x) . | . . . . . . . . . . . . . . . . . . . . . . . . . . . . Largest Inventory Capacity 20 | 8 15 15 15 20 20 20 20 20 20 20 20 20 20 20 20 20 20 20 20 20 20 5 5 15 15 15 15 Average Capacity 17 | 7 10 15 15 19 20 20 20 20 20 20 20 20 20 20 20 20 20 20 20 20 19 5 5 7 15 15 15 Most Carried 20 | 2 14 15 15 18 20 20 20 20 20 20 20 20 18 16 18 20 20 20 20 20 20 5 5 13 15 15 13 Average Carried 15 | 1 6 14 14 13 19 19 19 19 19 19 18 15 16 15 17 18 19 19 20 19 16 4 4 5 14 14 12 Final Capacity 20 | 8 15 15 15 20 20 20 20 20 20 20 20 20 20 20 20 20 20 20 20 20 5 5 5 15 15 15 15 Final Carried 20 | 1 14 15 15 18 20 20 19 20 20 18 20 15 16 16 18 18 20 20 20 19 5 5 5 13 15 14 12 Class Distribution -------------------- 41% | Mutant 22% | Scavenger-Mutant 7% | Messiah-Tank 6% | Derelict-Mutant 5% | Commander-Gunner 5% | Skirmisher 3% | Alien-Sigix Dominant Class ---------------- Mutant | -10/Materials Mutant | -10/Subcaves Scavenger-Mutant | -8/Materials Scavenger-Mutant | -7/Factory Mutant | -7/Waste Mutant | -7/Factory Mutant | -7/Lower Caves Mutant | -7/Lower Caves Mutant | -7/Zion Mutant | -6/Proximity Caves Skirmisher | -6/Factory Derelict-Mutant | -6/Lower Caves Derelict-Mutant | -6/Lower Caves Scavenger-Mutant | -6/Data Miner Scavenger-Mutant | -5/Proximity Caves Scavenger-Skirmisher | -5/Factory Commander-Gunner | -5/Extension Commander-Gunner | -5/Cetus Commander-Gunner | -5/Archives Messiah-Tank | -5/Hub_04(d) Messiah-Tank | -4/Factory Mutant | -3/Research Mutant | -3/Testing Scavenger-Mutant | -2/Research Scavenger-Mutant | -2/Quarantine Scavenger-Mutant | -2/Section 7 Alien-Sigix | -1/Access Resources | -11 -10 -10 -8 -7 -7 -7 -7 -7 -7 -6 -6 -6 -6 -6 -5 -5 -5 -5 -5 -5 -4 -3 -3 -2 -2 -2 -1 ----------- Run | Yrd Mat Sub Mat Fac Was Fac Low Low Zio Pro Fac Low Low Dat Pro Fac Ext Cet Arc Hub Fac Res Tes Res Qua Sec Acc Matter Collected 11573 | 268 258 97 836 174 507 113 224 8 42 154 916 664 212 . 89 179 1312 468 116 181 1459 57 144 914 886 1210 85 Remotely . | . . . . . . . . . . . . . . . . . . . . . . . . . . . . Salvage Created 14161 | 126 347 87 1188 140 1253 140 104 . . 46 946 508 360 . . 466 1093 152 . 533 1177 . . 1500 1466 2122 407 Parts 675 | 10 35 4 77 14 . 13 3 . . 1 57 26 18 . . 21 53 7 . 27 50 . . 85 56 99 19 Haulers Intercepted 17 | . 2 . 5 1 . 1 . . . . 2 . . . . . . . . 1 1 . . 2 . 1 1 Recyclers Shooed 6 | 1 . . . . . 1 . . . . . . . . . . 1 . . . 1 . . 1 . 1 . Parts Field Recycled . | . . . . . . . . . . . . . . . . . . . . . . . . . . . . Retrieved Matter . | . . . . . . . . . . . . . . . . . . . . . . . . . . . . Parts Self-Destructed 70 | . . 3 . . . . 4 8 . 16 . 24 15 . . . . . . . . . . . . . . Prevented 3 | . . . . . . . . 2 . . . 1 . . . . . . . . . . . . . . . Parts Restored . | . . . . . . . . . . . . . . . . . . . . . . . . . . . . Kills | -11 -10 -10 -8 -7 -7 -7 -7 -7 -7 -6 -6 -6 -6 -6 -5 -5 -5 -5 -5 -5 -4 -3 -3 -2 -2 -2 -1 ------- Run | Yrd Mat Sub Mat Fac Was Fac Low Low Zio Pro Fac Low Low Dat Pro Fac Ext Cet Arc Hub Fac Res Tes Res Qua Sec Acc Combat Hostiles Destroyed 192 | . 8 2 18 4 6 2 4 . . 2 16 12 5 . . 7 18 2 . 5 20 . . 16 13 24 8 Melee 7 | . . . . . . . . . . . . . . . . . . . . . . . . 5 1 1 . Guns 103 | . 8 2 18 1 . 2 2 . . 2 7 11 5 . . 7 10 2 . 1 14 . . . . 3 8 Cannons 61 | . . . . . . . . . . . 6 . . . . . 8 . . 4 . . . 11 12 20 . AOE 21 | . . . . 3 6 . 2 . . . 3 1 . . . . . . . . 6 . . . . . . Classes Destroyed 25 | 2 7 1 2 . 1 1 2 . . 1 1 . . . . . . . . 2 2 . . . 2 1 . Worker 13 | . 1 . 1 . . 1 . . . . 1 . . . . 1 1 . . 2 1 . . 2 1 1 . Builder 5 | . 1 . . . . . . . . . . . . . . 1 . . . 1 1 . . 1 . . . Tunneler 5 | 3 . . . . . . . . . . 1 . . . . . . . . . 1 . . . . . . Hauler 17 | . 2 . 5 1 . 1 . . . . 2 . . . . . . . . 1 1 . . 2 . 1 1 Recycler 6 | 1 . . 1 . . . . . . . 1 . . . . 1 . . . . . . . 1 1 . . Minesweeper 2 | . . . . . . . 1 . . . . 1 . . . . . . . . . . . . . . . Mechanic 1 | . . . . . . . . . . . . . . . . . . . . . 1 . . . . . . Operator 4 | . 1 . . . . . . . . . . . . . . 1 2 . . . . . . . . . . Drone 1 | . . . . . . . . . . 1 . . . . . . . . . . . . . . . . . Watcher 13 | . 1 . 1 . . . . . . . 2 . . . . 1 2 1 . 1 . . . 1 2 1 . Swarmer 46 | . 6 . 4 3 . . 1 . . . 3 5 . . . 5 2 . . . 4 . . 5 . . 8 Grunt 56 | . 2 . 5 . . 1 1 . . . 3 4 4 . . 1 10 . . . 5 . . 4 4 12 . Brawler 3 | . . . 1 . . . . . . . . 1 . . . . . . . . . . . . . 1 . Duelist 2 | . . . . . . . . . . . . . . . . . . . . . 1 . . . . 1 . Researcher 1 | . . . . . . . . . . . . . . . . . . . . . . . . . . 1 . Sentry 29 | . . . 8 1 . . 1 . . . 2 1 . . . . 5 . . 3 1 . . 3 . 4 . Specialist 2 | . . . . . . . . . . . . . . . . . . . . . . . . . 2 . . Hunter 20 | . . . . . . . . . . . 4 1 1 . . 1 . . . 2 6 . . . 2 3 . Programmer 18 | . . . . . . 1 . . . . 4 . . . . . . . . . 2 . . 4 4 3 . Behemoth 3 | . . . . . . . 1 . . 1 . . . . . . . . . . 1 . . . . . . Compactor 6 | . . . . . 6 . . . . . . . . . . . . . . . . . . . . . . Cetus Guard 2 | . . . . . . . . . . . . . . . . . . 2 . . . . . . . . . Fortress 1 | . . . . . . . . . . . . . . . . . . . . . . . . . 1 . . Subdweller 2 | . . 2 . . . . . . . . . . . . . . . . . . . . . . . . . Z-Heavy 1 | . . . . . . . . . . . . . . . . . . . . 1 . . . . . . . Thug 1 | . . . . . . . . . . . . . . . . . 1 . . . . . . . . . . Martyr 1 | . . . . . . . . . . . . . . . . . . . . 1 . . . . . . . Best Kill Streak 7 | 2 3 1 6 3 3 2 3 . . 1 4 4 3 . . 7 6 1 . 4 6 . . 5 4 5 6 Combat Bots Only 6 | . 3 1 5 3 3 1 3 . . 1 3 4 3 . . 5 6 1 . 2 5 . . 4 3 4 6 Max Kills in Single Turn 6 | 1 1 1 2 2 1 1 1 . . 1 3 2 2 . . 2 2 1 . 6 4 . . 3 1 2 3 Gunslinging 1 | . . . . . . . . . . . . 1 . . . 1 . . . . 1 . . . . . 1 Exploded 3 | . . . . 2 1 . 1 . . . 3 1 . . . . . . . . 3 . . . . . . Melee 1 | . . . . . . . . . . . . . . . . . . . . . . . . 1 1 1 . Uniques/NPCs Destroyed . | . . . . . . . . . . . . . . . . . . . . . . . . . . . . Combat | -11 -10 -10 -8 -7 -7 -7 -7 -7 -7 -6 -6 -6 -6 -6 -5 -5 -5 -5 -5 -5 -4 -3 -3 -2 -2 -2 -1 -------- Run | Yrd Mat Sub Mat Fac Was Fac Low Low Zio Pro Fac Low Low Dat Pro Fac Ext Cet Arc Hub Fac Res Tes Res Qua Sec Acc Hostile Shots Fired 2022 | . 47 43 107 35 1 4 64 . . 21 179 119 31 . . 36 109 18 . 15 437 58 24 78 78 367 151 Missed 728 | . 12 12 22 14 . 3 33 . . 8 74 32 6 . . 10 43 8 . 3 199 20 13 19 24 111 62 Hits 1294 | . 35 31 85 21 1 1 31 . . 13 105 87 25 . . 26 66 10 . 12 238 38 11 59 54 256 89 Melee 14 | . . . . . 1 . . . . . . . . . . . . . . . 4 . . . . 9 . Projectile 1280 | . 35 31 85 21 . 1 31 . . 13 105 87 25 . . 26 66 10 . 12 234 38 11 59 54 247 89 Critical Strikes 38 | . . 3 1 . 1 . . . . 1 . 1 1 . . . 4 . . . 6 3 . . 1 16 . Actively Blocked 20 | . . . . . . . . . . . . . . . . . . . . . . 3 . . 1 16 . Part Disruptions 1 | . . . . . . . . . . . . . . . . . . . . . . . . . 1 . . Damage Taken 21088 | . 324 616 1339 175 108 133 410 . . 409 1610 1409 462 . . 430 1288 295 246 325 4267 904 178 1338 1359 2333 1130 Core 3126 | . 90 74 208 22 30 . 70 . . . 120 154 89 . . 56 143 . 41 44 662 168 70 94 95 549 347 Absorbed by Shields 1438 | . . . . . . . . . . . . . . . . . 54 65 . . . . . . . 1319 . Redirected to Core 12 | . . . . . . . . . . . . . . . . . . . . . . . . . 12 . . Redirected to Shielding 308 | . . . . 60 18 30 72 . . . . . . . . . . . . . . . . . 128 . . Ignored by Resistances 3740 | . . . . . . . . . . . . . . . . . . . . . . . . . . 2568 1172 Regen/Repaired (Parts) 283 | . . . . . 37 30 32 . 7 72 105 . . . . . . . . . . . . . . . . Core Remaining (%) 64 | 100 . 34 62 . . . . . . 82 . . . . 57 . . . . 71 42 . 81 . . 47 72 Volleys Fired 822 | 13 69 39 97 7 37 8 22 1 1 14 98 42 21 . 12 33 54 21 . 19 75 2 . 15 36 56 30 Largest 3 | 2 2 2 2 2 1 2 2 2 2 2 2 2 2 . 1 3 3 3 . 3 3 1 . 1 1 2 2 Hottest 300 | 60 50 80 80 48 36 108 56 56 56 56 68 88 61 . 28 83 113 117 . 117 117 30 . 100 100 300 200 Shots Fired 1589 | 26 133 64 192 12 37 16 35 2 2 28 185 71 41 . 13 91 159 45 . 51 209 2 . 15 36 65 59 Gun 1210 | 26 124 31 190 10 . 16 26 2 2 28 117 63 41 . 13 87 107 24 . 32 190 2 . . . 20 59 Cannon 327 | . 9 33 2 . . . 6 . . . 65 3 . . . 4 52 21 . 19 17 . . 15 36 45 . Launcher 52 | . . . . 2 37 . 3 . . . 3 5 . . . . . . . . 2 . . . . . . Special . | . . . . . . . . . . . . . . . . . . . . . . . . . . . . Kinetic 1419 | 13 133 50 190 10 . 13 32 2 2 28 182 64 41 . 13 91 159 45 . 51 205 . . 15 36 44 . Thermal 37 | 13 . 14 2 . . 3 . . . . . . . . . . . . . . 2 2 . . . 1 . Explosive 52 | . . . . 2 37 . 3 . . . 3 5 . . . . . . . . 2 . . . . . . Electromagnetic 2 | . . . . . . . . . . . . 2 . . . . . . . . . . . . . . . Slashing 79 | . . . . . . . . . . . . . . . . . . . . . . . . . . 20 59 Robot Hit Streak 21 | 5 10 21 13 7 14 10 5 7 . 10 10 5 13 . . 5 8 9 . 7 14 9 . 12 20 10 5 Robot Miss Streak 20 | 2 7 2 4 2 1 2 2 . . 2 7 4 2 . . 4 4 2 . 3 6 . . 7 9 20 7 Penetration Max 3 | . . . . . . 1 1 . . . 1 . 1 . . 1 1 1 . 1 1 . . 3 1 1 1 Secondary Targets 13 | . 1 1 2 . . . . . . . . 1 1 . . 3 . . . . 2 . . . . 1 1 Max Gunslinging Chain 1 | . 1 1 1 . . . . . . . . 1 1 . . 1 . . . . 1 . . . . 1 1 Shots Hit Robots 1031 | 17 69 41 131 7 29 10 20 2 . 17 97 36 30 1 . 41 125 25 3 28 128 2 . 29 60 60 23 Core Hits 603 | 6 32 5 48 9 21 4 9 1 . 5 43 27 15 . 1 19 53 12 . 21 63 . . 35 76 88 10 Critical Kills 62 | . . . . . . . . . . . 1 1 . . . . 1 . . 2 3 . . 16 14 24 . Critical Parts Destroyed 131 | . . . 1 . . . . . . 1 1 . 2 . . 1 . 2 . 3 14 . . 15 51 40 . Critical Strikes 276 | . . . 1 . . . 1 . . 1 7 1 2 . . 1 10 3 . 8 21 . . 35 87 96 2 Destroy 250 | . . . 1 . . . 1 . . 1 2 1 2 . . 1 2 2 . 5 20 . . 33 84 95 . Blast 18 | . . . . . . . . . . . 5 . . . . . 8 1 . 3 1 . . . . . . Sever 2 | . . . . . . . . . . . . . . . . . . . . . . . . . . . 2 Impale 6 | . . . . . . . . . . . . . . . . . . . . . . . . 2 3 1 . Melee Attacks 117 | . . . . . . . . . . . . . . 1 . . 40 . 3 . . . . 22 34 16 1 Kinetic 1 | . . . . . . . . . . . . . . . . . . . . . . . . . . . 1 Impact . | . . . . . . . . . . . . . . . . . . . . . . . . . . . . Slashing . | . . . . . . . . . . . . . . . . . . . . . . . . . . . . Piercing 72 | . . . . . . . . . . . . . . . . . . . . . . . . 22 34 16 . Sneak Attacks 49 | . . . . . . . . . . . . . . 1 . . 40 . 3 . . . . 3 2 . . Combat Hostiles . | . . . . . . . . . . . . . . . . . . . . . . . . . . . . Follow-up Attacks . | . . . . . . . . . . . . . . . . . . . . . . . . . . . . Damage Inflicted 29735 | 164 625 172 1974 372 4160 276 525 37 . 357 2571 970 587 . 21 874 2643 812 . 1452 4708 34 . 888 1504 2243 1766 Guns 15595 | 164 573 107 1969 112 . 235 400 37 . 357 1228 642 587 . 21 840 1610 529 . 469 3088 17 . . . 844 1766 Cannons 4331 | . 52 65 . . . . . . . . 736 41 . . . . 969 283 . 287 171 . . 198 517 1012 . Explosions 7555 | . . . . 233 4160 . 125 . . . 605 287 . . . . . . . 696 1449 . . . . . . Melee 1932 | . . . . . . . . . . . . . . . . . . . . . . . . 690 987 255 . Ramming 322 | . . . 5 27 . 41 . . . . 2 . . . . 34 64 . . . . 17 . . . 132 . Kinetic 16695 | 45 625 172 1969 112 . 191 400 37 . 357 1964 642 587 . 21 840 2579 812 . 756 3259 . . 198 517 612 . Thermal 864 | 119 . . . . . 44 . . . . 50 . . . . . . . . . 234 17 . . . 400 . Explosive 6575 | . . . . 233 4160 . 125 . . . 555 287 . . . . . . . . 1215 . . . . . . Electromagnetic 737 | . . . . . . . . . . . . 41 . . . . . . . 696 . . . . . . . Impact . | . . . . . . . . . . . . . . . . . . . . . . . . . . . . Slashing 2610 | . . . . . . . . . . . . . . . . . . . . . . . . . . 844 1766 Piercing 1932 | . . . . . . . . . . . . . . . . . . . . . . . . 690 987 255 . Highest Corruption 15 | . . . . . . . . . 4 . 5 5 5 5 5 5 5 5 5 5 1 3 3 1 11 15 2 Average Corruption 4 | . . . . . . . . . 4 . 2 5 5 5 5 5 5 5 5 5 1 2 1 1 9 11 1 Corruption Purged 4 | . . . . . . . . . . . . . . . . . . . . . . . 3 1 . . . Corruption Blocked . | . . . . . . . . . . . . . . . . . . . . . . . . . . . . Effects 176 | . . . . . . . . . 1 . 9 25 16 2 7 5 35 12 3 9 6 1 1 1 19 21 3 Message Errors 30 | . . . . . . . . . . . 1 3 2 1 3 . 4 2 1 3 3 . . . 3 3 1 Matter Fused 51 | . . . . . . . . . . . 2 8 4 . . 1 14 3 2 1 1 1 1 1 6 5 1 Heat Flow Errors 22 | . . . . . . . . . . . . 4 4 . 2 . 2 1 . 3 . . . . 2 4 . Energy Discharges 20 | . . . . . . . . . . . . 1 3 . 1 1 7 1 . 1 . . . . 2 3 . Parts Rejected 6 | . . . . . . . . . . . . 3 . . . . 1 . . . . . . . 1 1 . Parts Fused 1 | . . . . . . . . . . . . . 1 . . . . . . . . . . . . . . Data Loss (minor) 18 | . . . . . . . . . . . 2 3 1 1 . 1 2 1 . . . . . . 4 3 . Data Loss (major) 7 | . . . . . . . . . . . 1 1 1 . . . . 2 . 1 . . . . . 1 . Misfires 7 | . . . . . . . . . . . 1 1 . . 1 1 2 1 . . . . . . . . . Alerts 3 | . . . . . . . . . 1 . 1 . . . . . . . . . . . . . 1 . . Weapon Failures 11 | . . . . . . . . . . . 1 1 . . . 1 3 1 . . 2 . . . . 1 1 Overload Shots . | . . . . . . . . . . . . . . . . . . . . . . . . . . . . Overflow Damage 528 | . 5 . . . . . 3 . . . 40 12 . . . 4 21 . . 30 90 . . 276 . 47 . Projectiles 14 | . 5 . . . . . . . . . . . . . . . 9 . . . . . . . . . . Explosions 175 | . . . . . . . 3 . . . 40 12 . . . . . . . 30 90 . . . . . . Melee 339 | . . . . . . . . . . . . . . . . 4 12 . . . . . . 276 . 47 . Knockbacks 67 | . 1 3 . . . 1 . . . . 8 . . . . 1 7 . . . 1 . . 10 16 19 . Impact 2 | . . . . . . 1 . . . . . . . . . 1 . . . . . . . . . . . Kinetic 61 | . 1 3 . . . . . . . . 7 . . . . . 6 . . . 1 . . 10 14 19 . Secondary 4 | . . . . . . . . . . . 1 . . . . . 1 . . . . . . . 2 . . Self-Inflicted Damage 322 | . . . . . 65 . . . . . . 27 . . . . . . . 97 127 6 . . . . . Shots 9 | . . . . . 4 . . . . . . 1 . . . . . . . 1 3 . . . . . . Rammed 5 | . . . 1 . . . . . . . . . . . . . . . . . . 4 . . . . . Targets Rammed 31 | . . . 1 3 . 5 . . . . 1 . . . . 1 4 . . . . 4 . . . 12 . Kicked 26 | . . . . 3 . 5 . . . . 1 . . . . 1 4 . . . . . . . . 12 . Crushed . | . . . . . . . . . . . . . . . . . . . . . . . . . . . . Highest Temperature 388 | 40 30 . 29 42 . 96 31 388 . 28 207 279 254 . 190 98 244 199 . 228 66 . . 258 220 185 . Average Temperature 57 | 15 9 . 7 17 . 37 8 184 . 10 46 92 68 . 88 34 66 117 . 66 22 . . 78 107 83 . Received Heat Transfer 2455 | . 78 . 477 36 . 18 78 . . 72 153 135 126 . . 45 279 27 . 54 258 45 . 27 54 475 18 Effects 1 | . . . . . . . . 1 . . . . . . . . . . . . . . . . . . . Damage (minor) 1 | . . . . . . . . 1 . . . . . . . . . . . . . . . . . . . Siege Activations . | . . . . . . . . . . . . . . . . . . . . . . . . . . . . Martial Activations . | . . . . . . . . . . . . . . . . . . . . . . . . . . . . Shielding Activations . | . . . . . . . . . . . . . . . . . . . . . . . . . . . . Robots Disrupted . | . . . . . . . . . . . . . . . . . . . . . . . . . . . . Combat Hostiles . | . . . . . . . . . . . . . . . . . . . . . . . . . . . . Robots Corrupted 2 | . . . . . . . . . . . . . . . . 1 1 . . . . . . . . . . Combat Hostiles . | . . . . . . . . . . . . . . . . . . . . . . . . . . . . Parts Fried 4 | . . . . . . . . . . . . . . . . . 1 . . 3 . . . . . . . Impact Corruptions 3 | . . . . . . . . . . . . . . . . 1 2 . . . . . . . . . . Robots Melted . | . . . . . . . . . . . . . . . . . . . . . . . . . . . . Combat Hostiles . | . . . . . . . . . . . . . . . . . . . . . . . . . . . . Parts Melted . | . . . . . . . . . . . . . . . . . . . . . . . . . . . . Heat Transferred 623 | 275 . . . . . 74 . . . . 50 . . . . . . . . . 150 74 . . . . . Parts Sabotaged 3 | . . . . . . . . . . . . . . . . . . . . . 3 . . . . . . Parts Stolen . | . . . . . . . . . . . . . . . . . . . . . . . . . . . . Parts Stripped . | . . . . . . . . . . . . . . . . . . . . . . . . . . . . Power Chain Reactions . | . . . . . . . . . . . . . . . . . . . . . . . . . . . . Alert | -11 -10 -10 -8 -7 -7 -7 -7 -7 -7 -6 -6 -6 -6 -6 -5 -5 -5 -5 -5 -5 -4 -3 -3 -2 -2 -2 -1 ------- Run | Yrd Mat Sub Mat Fac Was Fac Low Low Zio Pro Fac Low Low Dat Pro Fac Ext Cet Arc Hub Fac Res Tes Res Qua Sec Acc Maximum Alert Level 5 | . . . . . . 2 . . . . 1 . . . . . 3 2 1 3 5 3 2 2 3 5 5 Low Security (%) 51 | 100 100 . 100 100 100 42 . . . . 58 . . . . 100 66 . 7 48 . . . 65 . . . Level 1 16 | . . . . . . 35 . . . . 41 . . . . . 28 1 92 39 1 . 75 30 28 7 . Level 2 18 | . . . . . . 21 . . . . . . . . . . 2 98 . 4 69 17 25 3 70 18 . Level 3 7 | . . . . . . . . . . . . . . . . . 3 . . 7 6 82 . . . 52 23 Level 4 2 | . . . . . . . . . . . . . . . . . . . . . 23 . . . . . 7 Level 5 . | . . . . . . . . . . . . . . . . . . . . . . . . . . . . High Security . | . . . . . . . . . . . . . . . . . . . . . . . . . . . . Max Security 3 | . . . . . . . . . . . . . . . . . . . . . . . . . . 21 69 Peak Influence 1935 | 5 73 . 155 73 21 515 . . . . 351 . . . . 136 736 617 311 1012 1603 812 411 427 701 1844 1935 Initial 1106 | . . . . 60 10 . . . . . 116 . . . . . 37 404 211 87 490 812 384 197 240 364 1106 Average 332 | . 8 . 68 23 2 200 . . . . 163 . . . . 53 173 527 244 250 720 746 384 199 518 929 1572 Influence Increases 12403 | 20 292 . 622 123 64 687 217 115 . 410 944 290 120 . . 229 1464 391 120 1115 1874 103 117 530 815 1230 511 Destroy 0b10 Robot/C 5100 | . 160 . 360 80 . 240 100 60 . 180 400 240 100 . . 140 720 160 60 160 640 40 . 320 260 500 180 Destroy 0b10 Robot/NC 380 | 20 30 . 40 5 . 30 5 . . 10 35 5 . . . 25 35 10 . 25 30 . . 35 20 15 5 Destroy Leader 966 | . 36 . 112 22 . 36 20 10 . 40 128 30 20 . . 22 66 . . 54 134 10 . 76 34 94 22 Allied During Kill 1646 | . . . . . . 228 92 45 . 180 144 . . . . . 523 170 60 83 80 17 . . . 3 21 Successful Hack 214 | . 35 . 29 12 . 6 . . . . 2 . . . . . . . . . 16 . 42 . . 72 . Disable Machine 1290 | . . . 15 . . 90 . . . . 150 . . . . 15 30 15 . 240 390 . 60 15 135 105 30 Anti-Garrison Action 150 | . . . . . . . . . . . . . . . . . . . . . 150 . . . . . . Destroy Structure 1697 | . 1 . 6 4 64 57 . . . . 55 . . . . 12 90 36 . 478 254 6 . 54 261 186 133 Partial Spotted 45 | . . . . . . . . . . . . . . . . . . . . . . 30 . . . . 15 Lose Combat Pursuer 915 | . 30 . 60 . . . . . . . 30 15 . . . 15 . . . 75 180 . 15 30 105 255 105 Influence Decreases 11690 | 20 288 4 489 225 95 228 627 164 . 224 784 636 74 46 . 151 818 586 398 364 1328 966 451 454 593 759 918 Entered New Map 4279 | . . 3 . 73 21 . 171 10 . . 70 129 . 46 . . 41 320 318 164 512 736 301 154 187 285 738 Time Decay 5761 | 20 200 1 439 152 65 225 446 154 . 174 494 387 54 . . 131 547 206 40 190 486 120 150 270 386 374 50 Lost Part 829 | . 10 . 50 . 9 . 10 . . 20 80 120 20 . . 20 50 40 20 10 250 50 . 30 20 20 . Lost Ally 743 | . . . . . . 3 . . . 30 140 . . . . . 180 20 20 . 80 60 . . . 80 130 Purge Threat 78 | . 78 . . . . . . . . . . . . . . . . . . . . . . . . . . Squads Dispatched 72 | . . . 1 1 . 2 . . . . 8 . . . . 2 . . . 1 16 1 . 2 4 18 16 Investigation 5 | . . . . 1 . . . . . . 2 . . . . . . . . . 2 . . . . . . Extermination 13 | . . . . . . 1 . . . . 2 . . . . 1 . . . . 3 . . 1 3 2 . Reinforcement 18 | . . . 1 . . 1 . . . . 1 . . . . 1 . . . 1 7 1 . 1 1 2 1 Assault 30 | . . . . . . . . . . . . . . . . . . . . . 4 . . . . 14 12 Garrison 6 | . . . . . . . . . . . 3 . . . . . . . . . . . . . . . 3 Intercept . | . . . . . . . . . . . . . . . . . . . . . . . . . . . . Searches Triggered . | . . . . . . . . . . . . . . . . . . . . . . . . . . . . Data Miner Redirects 5 | . . . . . . . . . . . . . . . . . . . . . 5 . . . . . . Construction Impeded 4 | . . . . . . 1 . . . . . . . . . . . . . . 1 . . 1 . 1 . Haulers Reinforced 5 | . . . . . . . . . . . 1 . . . . 1 . . . 1 1 1 . . . . . Active Scanning Responses . | . . . . . . . . . . . . . . . . . . . . . . . . . . . . Cargo Convoy Interrupts 1 | . . . . . . . . . . . . . . . . . . . . . 1 . . . . . . Stealth | -11 -10 -10 -8 -7 -7 -7 -7 -7 -7 -6 -6 -6 -6 -6 -5 -5 -5 -5 -5 -5 -4 -3 -3 -2 -2 -2 -1 --------- Run | Yrd Mat Sub Mat Fac Was Fac Low Low Zio Pro Fac Low Low Dat Pro Fac Ext Cet Arc Hub Fac Res Tes Res Qua Sec Acc Distress Signals 19 | . 1 . 5 . . . . . . . 3 . . . . 2 2 2 . . . 1 1 . 1 1 . Communications Jammed 34 | . . . . . . . . . . . 1 . . . . 9 22 . . 2 . . . . . . . Distress Signals 33 | . . . . . . . . . . . 1 . . . . 9 22 . . 1 . . . . . . . Times Spotted 450 | . 20 4 39 4 6 9 5 3 . 7 25 15 5 . . 14 42 11 . 12 62 11 8 22 20 74 32 Peak Tracking Total 25 | . 5 2 5 3 4 4 3 3 . 2 4 5 4 . . 6 9 5 . 5 11 9 4 5 5 25 11 Tactical Retreats 35 | . 2 . 3 . . . . . . . 2 1 . . . 1 . . . 1 6 . 1 1 5 8 4 Traps | -11 -10 -10 -8 -7 -7 -7 -7 -7 -7 -6 -6 -6 -6 -6 -5 -5 -5 -5 -5 -5 -4 -3 -3 -2 -2 -2 -1 ------- Run | Yrd Mat Sub Mat Fac Was Fac Low Low Zio Pro Fac Low Low Dat Pro Fac Ext Cet Arc Hub Fac Res Tes Res Qua Sec Acc Traps Triggered 13 | . . . 1 2 . . . . . . . . . . . 1 2 . . . 5 . 1 . . 1 . Indirectly . | . . . . . . . . . . . . . . . . . . . . . . . . . . . . Trap Hack Attempts 1 | . . . . . . . . . . . . . . . . . 1 . . . . . . . . . . Triggered . | . . . . . . . . . . . . . . . . . . . . . . . . . . . . Disarmed . | . . . . . . . . . . . . . . . . . . . . . . . . . . . . Reprogrammed . | . . . . . . . . . . . . . . . . . . . . . . . . . . . . Reused . | . . . . . . . . . . . . . . . . . . . . . . . . . . . . Traps Extracted . | . . . . . . . . . . . . . . . . . . . . . . . . . . . . Installed . | . . . . . . . . . . . . . . . . . . . . . . . . . . . . Triggered . | . . . . . . . . . . . . . . . . . . . . . . . . . . . . Machines | -11 -10 -10 -8 -7 -7 -7 -7 -7 -7 -6 -6 -6 -6 -6 -5 -5 -5 -5 -5 -5 -4 -3 -3 -2 -2 -2 -1 ---------- Run | Yrd Mat Sub Mat Fac Was Fac Low Low Zio Pro Fac Low Low Dat Pro Fac Ext Cet Arc Hub Fac Res Tes Res Qua Sec Acc Machines Disabled 96 | . . . 1 . . 6 . . . . 10 . . . . 1 7 3 . 16 27 . 4 1 10 8 2 Max in Single Turn 20 | . . . 1 . . 1 . . . . 4 . . . . 1 1 1 . 11 20 . 1 1 3 1 1 Garrison Access 4 | . . . . . . . . . . . . . . . . . . . . 1 2 . 1 . . . . Network Hub 2 | . . . . . . . . . . . . . . . . . . . . 2 . . . . . . . Machines Repaired . | . . . . . . . . . . . . . . . . . . . . . . . . . . . . Machines Dismantled 5 | . . . . . . . . . . . . . . . . . . 1 . . . . 4 . . . . Machines Sabotaged . | . . . . . . . . . . . . . . . . . . . . . . . . . . . . Overloaded Fab Kills . | . . . . . . . . . . . . . . . . . . . . . . . . . . . . Hacking | -11 -10 -10 -8 -7 -7 -7 -7 -7 -7 -6 -6 -6 -6 -6 -5 -5 -5 -5 -5 -5 -4 -3 -3 -2 -2 -2 -1 --------- Run | Yrd Mat Sub Mat Fac Was Fac Low Low Zio Pro Fac Low Low Dat Pro Fac Ext Cet Arc Hub Fac Res Tes Res Qua Sec Acc Machines Accessed 52 | . 9 . 12 2 . 3 . . . . 4 . 1 4 . 2 . 1 1 1 5 . 3 1 . 3 . Terminals 22 | . 8 . 9 1 . 2 . . . . . . . . . . . 1 . . . . . . . 1 . Fabricators 8 | . . . . 1 . . . . . . 3 . . . . . . . . . 2 . 2 . . . . Repair Stations 3 | . . . . . . . . . . . 1 . . . . . . . . . 1 . . . . 1 . Recycling Units 3 | . 1 . 1 . . . . . . . . . . . . 1 . . . . . . . . . . . Scanalyzers 6 | . . . 2 . . 1 . . . . . . . . . . . . . . 1 . . 1 . 1 . Garrison Access 4 | . . . . . . . . . . . . . . . . 1 . . . 1 1 . 1 . . . . Total Hacks 156 | . 35 . 36 6 . 10 . . . . 11 . 1 25 . 2 . 1 1 1 12 . 4 1 . 10 . Successful 105 | . 22 . 22 4 . 5 . . . . 8 . 1 25 . . . . 1 1 8 . 3 . . 5 . Failed 49 | . 13 . 13 2 . 4 . . . . 3 . . . . 2 . 1 . . 4 . 1 1 . 5 . Catastrophic 10 | . 1 . 1 . . 1 . . . . . . . . . 1 . 1 . . 1 . . . . 4 . Database Lockouts 2 | . . . 1 . . 1 . . . . . . . . . . . . . . . . . . . . . Manual 157 | . 21 . 22 4 . 6 . . . . 11 . . . . 11 13 1 . 19 11 2 18 2 2 11 3 Terminals 73 | . 33 . 29 3 . 6 . . . . . . . . . . . 1 . . . . . . . 1 . Fabricators 18 | . . . . 3 . . . . . . 7 . . . . . . . . . 6 . 2 . . . . Repair Stations 11 | . . . . . . . . . . . 4 . . . . . . . . . 2 . . . . 5 . Recycling Units 5 | . 2 . 2 . . . . . . . . . . . . 1 . . . . . . . . . . . Scanalyzers 16 | . . . 5 . . 4 . . . . . . . . . . . . . . 2 . . 1 . 4 . Garrison Access 6 | . . . . . . . . . . . . . . . . 1 . . . 1 2 . 2 . . . . Terminal Hacks 50 | . 13 . 7 1 . 1 . . . . . . 1 25 . . . . 1 . . . . . . 1 . Record 10 | . . . . . . . . . . . . . 1 8 . . . . 1 . . . . . . . . Part Schematic 8 | . . . . . . . . . . . . . . 8 . . . . . . . . . . . . . Robot Schematic 6 | . . . . . . . . . . . . . . 6 . . . . . . . . . . . . . Robot Analysis 6 | . 4 . 2 . . . . . . . . . . . . . . . . . . . . . . . . Prototype ID Bank 12 | . 4 . 4 1 . . . . . . . . . 3 . . . . . . . . . . . . . Branch Access Points 2 | . . . 1 . . 1 . . . . . . . . . . . . . . . . . . . . . Unreport Threat 1 | . 1 . . . . . . . . . . . . . . . . . . . . . . . . . . Locate Traps 3 | . 3 . . . . . . . . . . . . . . . . . . . . . . . . . . Hauler Manifests 1 | . 1 . . . . . . . . . . . . . . . . . . . . . . . . . . Activate Exoskeleton 1 | . . . . . . . . . . . . . . . . . . . . . . . . . . 1 . Fabricator Hacks 6 | . . . . 1 . . . . . . 2 . . . . . . . . . 3 . . . . . . Network Status 2 | . . . . 1 . . . . . . . . . . . . . . . . 1 . . . . . . Load Schematic 2 | . . . . . . . . . . . 1 . . . . . . . . . 1 . . . . . . Build 2 | . . . . . . . . . . . 1 . . . . . . . . . 1 . . . . . . Repair Station Hacks 7 | . . . . . . . . . . . 4 . . . . . . . . . 1 . . . . 2 . Scan Component 4 | . . . . . . . . . . . 2 . . . . . . . . . . . . . . 2 . Repair 2 | . . . . . . . . . . . 2 . . . . . . . . . . . . . . . . Refit 1 | . . . . . . . . . . . . . . . . . . . . . 1 . . . . . . Recycling Unit Hacks 3 | . 2 . 1 . . . . . . . . . . . . . . . . . . . . . . . . Report Inventory 1 | . . . 1 . . . . . . . . . . . . . . . . . . . . . . . . Retrieve Components 2 | . 2 . . . . . . . . . . . . . . . . . . . . . . . . . . Scanalyzer 11 | . . . 5 . . 3 . . . . . . . . . . . . . . 1 . . . . 2 . Insert Component 4 | . . . 3 . . 1 . . . . . . . . . . . . . . . . . . . . . Analyze 2 | . . . 1 . . 1 . . . . . . . . . . . . . . . . . . . . . Retrieve Study 5 | . . . 1 . . 1 . . . . . . . . . . . . . . 1 . . . . 2 . Garrison Access Hacks 3 | . . . . . . . . . . . . . . . . . . . . 1 1 . 1 . . . . Seal Access 3 | . . . . . . . . . . . . . . . . . . . . 1 1 . 1 . . . . Unauthorized Hacks 25 | . 7 . 9 2 . 1 . . . . 2 . . . . . . . . . 2 . 2 . . . . Terminals 18 | . 7 . 9 1 . 1 . . . . . . . . . . . . . . . . . . . . . Botnet 4 | . 1 . 1 1 . 1 . . . . . . . . . . . . . . . . . . . . . Disrupt 1 | . . . 1 . . . . . . . . . . . . . . . . . . . . . . . . Operators 1 | . 1 . . . . . . . . . . . . . . . . . . . . . . . . . . Skim 12 | . 5 . 7 . . . . . . . . . . . . . . . . . . . . . . . . Fabricators 7 | . . . . 1 . . . . . . 2 . . . . . . . . . 2 . 2 . . . . Liberate 4 | . . . . 1 . . . . . . 1 . . . . . . . . . 1 . 1 . . . . Fabnet 2 | . . . . . . . . . . . . . . . . . . . . . 1 . 1 . . . . Recompile 1 | . . . . . . . . . . . 1 . . . . . . . . . . . . . . . . Repair Stations . | . . . . . . . . . . . . . . . . . . . . . . . . . . . . Recycling Units . | . . . . . . . . . . . . . . . . . . . . . . . . . . . . Scanalyzers . | . . . . . . . . . . . . . . . . . . . . . . . . . . . . Garrison Access . | . . . . . . . . . . . . . . . . . . . . . . . . . . . . Data Cores Recovered 3 | . 1 . . . . . . . . . . . . . . 1 1 . . . . . . . . . . Used . | . . . . . . . . . . . . . . . . . . . . . . . . . . . . Hacking Detections 38 | . 8 . 11 2 . 3 . . . . 3 . . . . 2 . 2 . . 2 . 2 1 . 2 . Full Trace Events 1 | . 1 . . . . . . . . . . . . . . . . . . . . . . . . . . Feedback Events . | . . . . . . . . . . . . . . . . . . . . . . . . . . . . Feedback Blocked . | . . . . . . . . . . . . . . . . . . . . . . . . . . . . Robot Schematics Acquired 17 | . . . . . . . . . 4 . . . . 6 . . . . . . . . 5 . . 2 . Robots Built . | . . . . . . . . . . . . . . . . . . . . . . . . . . . . Authchips . | . . . . . . . . . . . . . . . . . . . . . . . . . . . . Time . | . . . . . . . . . . . . . . . . . . . . . . . . . . . . Total Robot Build Rating . | . . . . . . . . . . . . . . . . . . . . . . . . . . . . Part Schematics Acquired 50 | . . . 1 . . 1 . . 14 . . . . 8 . . 10 . . . . . 14 . . 2 . Parts Built 3 | . . . . . . . . . . . 2 . . . . . . . . . 1 . . . . . . Authchips 1 | . . . . . . . . . . . . . . . . . . . . . 1 . . . . . . Time 201 | . . . . . . . . . . . 117 . . . . . . . . . 84 . . . . . . Total Part Build Rating 20 | . . . . . . . . . . . 14 . . . . . . . . . 6 . . . . . . Part Studies Acquired 5 | . . . 1 . . 1 . . . . . . . . . . . . . . 1 . . . . 2 . Parts Repaired 2 | . . . . . . . . . . . 2 . . . . . . . . . . . . . . . . Time 82 | . . . . . . . . . . . 82 . . . . . . . . . . . . . . . . Parts Recycled . | . . . . . . . . . . . . . . . . . . . . . . . . . . . . Recycled Matter . | . . . . . . . . . . . . . . . . . . . . . . . . . . . . Retrieved Matter . | . . . . . . . . . . . . . . . . . . . . . . . . . . . . Retrieved Components . | . . . . . . . . . . . . . . . . . . . . . . . . . . . . Parts Scanalyzed 2 | . . . 1 . . 1 . . . . . . . . . . . . . . . . . . . . . Part Schematics Acquired 2 | . . . 1 . . 1 . . . . . . . . . . . . . . . . . . . . . Parts Damaged . | . . . . . . . . . . . . . . . . . . . . . . . . . . . . Bothacking | -11 -10 -10 -8 -7 -7 -7 -7 -7 -7 -6 -6 -6 -6 -6 -5 -5 -5 -5 -5 -5 -4 -3 -3 -2 -2 -2 -1 ------------ Run | Yrd Mat Sub Mat Fac Was Fac Low Low Zio Pro Fac Low Low Dat Pro Fac Ext Cet Arc Hub Fac Res Tes Res Qua Sec Acc Used RIF Installer . | . . . . . . . . . . . . . . . . . . . . . . . . . . . . Robots Hacked 13 | . . . . . . . . . . . . . . 1 . . 3 . 3 . . 1 . . . 5 . Non-combat 3 | . . . . . . . . . . . . . . . . . 3 . . . . . . . . . . Combat 10 | . . . . . . . . . . . . . . 1 . . . . 3 . . 1 . . . 5 . Robot Hacks Applied 7 | . . . . . . . . . . . . . . 1 . . 3 . 3 . . . . . . . . parse_system 6 | . . . . . . . . . . . . . . 1 . . 2 . 3 . . . . . . . . no_distress 1 | . . . . . . . . . . . . . . . . . 1 . . . . . . . . . . Relay Couplers Released 1 | . . . . . . . . . . . . . . . . . . . . . 1 . . . . . . Machine Destruction 1 | . . . . . . . . . . . . . . . . . . . . . 1 . . . . . . Fabnet Peak Effective % 4 | . . . . . . . . . . . . . . . . . . . . . . 3 3 4 4 4 1 Autooverrided 6 | . . . . . . . . . . . . . . . . . . . . . . 1 . . . 5 . Robots Rewired 18 | . . . . . . . . . . . . . . . . . 18 . . . . . . . . . . Allies Hacked 1 | . . . . . . . . . . . . . . . . . . . . . 1 . . . . . . Hacks Repelled . | . . . . . . . . . . . . . . . . . . . . . . . . . . . . Allies | -11 -10 -10 -8 -7 -7 -7 -7 -7 -7 -6 -6 -6 -6 -6 -5 -5 -5 -5 -5 -5 -4 -3 -3 -2 -2 -2 -1 -------- Run | Yrd Mat Sub Mat Fac Was Fac Low Low Zio Pro Fac Low Low Dat Pro Fac Ext Cet Arc Hub Fac Res Tes Res Qua Sec Acc Total Allies 97 | . . . . . 18 . . . 4 . . . . . . . 32 5 . 5 2 4 . . . 5 22 Largest Group 26 | . . . . . 18 18 10 10 10 10 8 . . . . . 26 23 21 5 3 3 . . . 2 8 Highest-Rated Group 1146 | . . . . . 434 434 269 267 325 317 257 . . . . . 864 1146 1030 375 255 280 . . . 100 109 Highest-Rated Ally 159 | . . . . . 35 35 35 35 40 40 40 . . . . . 159 159 159 85 85 96 . . . 64 15 Zionite Dispatches 9 | . . . . . . . . . . . . . . . . . 3 . . 3 1 1 . . . . 1 Heavy 3 | . . . . . . . . . . . . . . . . . 1 . . 2 . . . . . . . Light 2 | . . . . . . . . . . . . . . . . . 1 . . . . 1 . . . . . Recon 1 | . . . . . . . . . . . . . . . . . . . . . . . . . . . 1 Fire 1 | . . . . . . . . . . . . . . . . . 1 . . . . . . . . . . Hacker 1 | . . . . . . . . . . . . . . . . . . . . . 1 . . . . . . Demo 1 | . . . . . . . . . . . . . . . . . . . . 1 . . . . . . . Total Orders 3 | . . . . . . . . . . . . . . . . . . . . . . . . . . . 3 EXPLORE 3 | . . . . . . . . . . . . . . . . . . . . . . . . . . . 3 Ally Attacks 515 | . . . . . . 61 49 11 . 46 56 . . . . . 115 57 19 17 38 19 . . . 17 10 Total Damage 13215 | . . . . . . 1639 934 266 . 1290 608 . . . . . 2560 1161 512 809 2107 634 . . . 490 205 Kills 83 | . . . . . . 14 1 3 . 9 4 . . . . . 22 8 3 3 13 2 . . . . 1 Allies Corrupted . | . . . . . . . . . . . . . . . . . . . . . . . . . . . . Allies Melted . | . . . . . . . . . . . . . . . . . . . . . . . . . . . . Intel | -11 -10 -10 -8 -7 -7 -7 -7 -7 -7 -6 -6 -6 -6 -6 -5 -5 -5 -5 -5 -5 -4 -3 -3 -2 -2 -2 -1 ------- Run | Yrd Mat Sub Mat Fac Was Fac Low Low Zio Pro Fac Low Low Dat Pro Fac Ext Cet Arc Hub Fac Res Tes Res Qua Sec Acc Active Infowar (turns) 18481 | 28 1157 91 1666 444 478 654 1115 653 1418 537 1300 1159 653 118 382 439 1576 423 97 388 1209 105 300 594 906 591 . Optics 1191 | . . . . . . . . . . . . . . . . . . 207 97 388 499 . . . . . . Sensors 8918 | . . . 1666 444 478 654 1115 653 1418 537 1162 210 . . . . 251 . . . 330 . . . . . . IFF 3903 | . . . . . . . . . . . . 829 653 118 379 439 1296 189 . . . . . . . . . Terrain 3185 | . . . . . . . . . . . 890 925 653 118 382 217 . . . . . . . . . . . Structural 2876 | . . . . . . . . . . . . . . . . . . . . . 380 105 300 594 906 591 . Seismic 1276 | 28 1157 91 . . . . . . . . . . . . . . . . . . . . . . . . . T.N.C. 383 | . . . . . . . . . . . . . . . . . . . . . . . . 383 . . . Machine Analysis 769 | . . . . . . . . . . . 440 329 . . . . . . . . . . . . . . . Jamming 4431 | . . . . . . . . . . . 456 399 204 . . 218 1573 423 97 388 673 . . . . . . Robot Analysis Total 6 | . 4 . 2 . . . . . . . . . . . . . . . . . . . . . . . . Derelict Logs Recovered 8 | . . 1 . . . . 2 1 1 . . 1 2 . . . . . . . . . . . . . . Drone Launches 3 | . . . . . . . . . . . . . . . . . . . . . . . . . . . 3 Drone Recoveries 2 | . . . . . . . . . . . . . . . . . . . . . . . . . . . 2 Zionite Intel Received 17 | . . . . . . . . . . . 2 . . . . 3 1 . . 2 1 . 5 . . 3 . Main Access 1 | . . . . . . . . . . . . . . . . . . . . 1 . . . . . . . Emergency Access 2 | . . . . . . . . . . . . . . . . 1 . . . . . . . . . 1 . Guard Positions 1 | . . . . . . . . . . . . . . . . . . . . . . . . . . 1 . Component Stockpiles 1 | . . . . . . . . . . . 1 . . . . . . . . . . . . . . . . Prototype Stockpiles 2 | . . . . . . . . . . . . . . . . . . . . . . . 1 . . 1 . Component Schematics 1 | . . . . . . . . . . . . . . . . . . . . . . . 1 . . . . Prototype Schematics 1 | . . . . . . . . . . . . . . . . . 1 . . . . . . . . . . Unaware Schematics 1 | . . . . . . . . . . . . . . . . . . . . . . . 1 . . . . Trap Installations 1 | . . . . . . . . . . . . . . . . . . . . . . . 1 . . . . Active Terminals 1 | . . . . . . . . . . . 1 . . . . . . . . . . . . . . . . Active Garrisons 1 | . . . . . . . . . . . . . . . . 1 . . . . . . . . . . . Depthwide Sectors/0 1 | . . . . . . . . . . . . . . . . 1 . . . . . . . . . . . Depthwide Sectors/-1 3 | . . . . . . . . . . . . . . . . . . . . 1 1 . 1 . . . . Exploration | -11 -10 -10 -8 -7 -7 -7 -7 -7 -7 -6 -6 -6 -6 -6 -5 -5 -5 -5 -5 -5 -4 -3 -3 -2 -2 -2 -1 ------------- Run | Yrd Mat Sub Mat Fac Was Fac Low Low Zio Pro Fac Low Low Dat Pro Fac Ext Cet Arc Hub Fac Res Tes Res Qua Sec Acc Turns Passed 20260 | 157 1157 547 1700 444 478 654 1115 653 1479 537 1300 1159 653 118 382 439 1586 423 97 388 1277 255 300 594 909 1108 351 Spaces Moved 12604 | 71 586 277 828 339 311 463 892 534 968 297 713 783 498 95 298 271 924 171 53 264 774 201 383 297 422 627 264 Core 655 | 10 . . . . . . . . . . . . . . . . . . . . 120 124 374 27 . . . Treads 2828 | 61 586 277 807 . . . . . . . . . . . . . . . . . . 11 . 270 422 394 . Legs 9091 | . . . . 339 311 463 892 534 968 297 713 783 498 95 298 271 924 171 53 264 654 66 . . . 233 264 Wheels 21 | . . . 21 . . . . . . . . . . . . . . . . . . . . . . . . Hover . | . . . . . . . . . . . . . . . . . . . . . . . . . . . . Flight 9 | . . . . . . . . . . . . . . . . . . . . . . . 9 . . . . Fastest Speed 30 | 50 160 160 105 113 115 107 112 112 112 112 110 115 118 118 118 121 118 113 113 110 50 50 50 50 150 30 30 Average Speed 121 | 155 160 160 159 114 115 110 112 112 112 112 128 126 118 118 118 121 118 113 119 110 105 100 51 144 152 128 57 Slowest Speed 1100 | 160 160 160 165 116 116 116 112 112 112 112 190 315 118 118 118 121 121 118 196 113 1100 190 100 235 157 155 90 Overloaded Moves . | . . . . . . . . . . . . . . . . . . . . . . . . . . . . Propulsion Burnouts . | . . . . . . . . . . . . . . . . . . . . . . . . . . . . Robots Hopped . | . . . . . . . . . . . . . . . . . . . . . . . . . . . . Potential Cave-ins 17 | . . . . . . . . . . . . . . . . . . . . . 11 . . . . 2 4 Cave-ins Triggered . | . . . . . . . . . . . . . . . . . . . . . . . . . . . . Teleports 1 | . . . . . . . . . . . . . . . . . . . . . . . . . . . 1 Exploration Rate (%) 49 | 4 93 16 70 11 97 15 87 67 89 43 23 80 71 75 43 11 83 65 77 35 24 7 53 8 57 57 16 Regions Visited 27 Branch Regions 16 Pre-discovered Areas 21 | . . . . . . . . . 1 . . . . 1 . 8 . . . 5 4 . 2 . . . . Known Exits Taken 21 | . 1 1 1 . . 1 1 1 1 1 1 1 1 1 1 1 . . . 1 1 1 1 1 1 1 . Unknown Exits Taken 4 | 1 . . . . . . . . . . . . . . . . 1 1 1 . . . . . . . . Scrap Searched 24 | . . . . . . . 3 4 3 2 . 8 . . 4 . . . . . . . . . . . . Spaces Dug 77 | . . 5 . . . . 4 . . . 2 . . . 1 4 . 11 . 3 9 . . 2 5 9 22 Terrain Destroyed 1045 | . . 7 . 3 132 . 26 . . . 63 39 . . 1 5 39 16 . 315 142 . . 16 109 74 58 Melee 11 | . . . . . . . . . . . . . . . . . . . . . . . . 2 5 3 1 Projectile 272 | . . 7 . . . . 9 . . . 30 3 . . . 5 38 16 . 20 71 . . . . 16 57 AOE 684 | . . . . 3 132 . 17 . . . 33 36 . . . . . . . 295 71 . . . 71 26 . Terrain Rammed . | . . . . . . . . . . . . . . . . . . . . . . . . . . . . Walls Destroyed . | . . . . . . . . . . . . . . . . . . . . . . . . . . . . Machines Disabled . | . . . . . . . . . . . . . . . . . . . . . . . . . . . . Actions | -11 -10 -10 -8 -7 -7 -7 -7 -7 -7 -6 -6 -6 -6 -6 -5 -5 -5 -5 -5 -5 -4 -3 -3 -2 -2 -2 -1 --------- Run | Yrd Mat Sub Mat Fac Was Fac Low Low Zio Pro Fac Low Low Dat Pro Fac Ext Cet Arc Hub Fac Res Tes Res Qua Sec Acc Total 15927 | 92 696 323 1041 384 392 597 971 587 1361 474 918 876 526 101 316 331 1303 345 84 324 1075 248 434 381 548 787 412 Wait 1664 | . 20 . 49 10 36 102 49 52 375 160 82 21 1 . . . 211 132 24 25 121 32 2 8 15 31 106 Move 12578 | 70 585 276 827 339 310 462 891 533 967 296 712 782 497 94 297 270 923 170 52 263 773 201 382 296 421 626 263 Hop . | . . . . . . . . . . . . . . . . . . . . . . . . . . . . Pick Up 153 | 2 12 2 16 9 4 6 2 1 3 . 7 6 4 . 3 8 10 1 . 3 23 1 2 11 6 11 . Fast Attach 140 | 6 2 1 7 2 1 1 . . 6 . 2 7 . 2 2 2 8 5 1 3 22 6 4 17 14 17 2 Attach 88 | 1 . 3 7 5 1 . 1 . . 2 6 11 3 1 1 4 7 2 . 1 15 1 4 4 2 1 5 Detach 19 | . . . 1 . . . . . . . . . . 1 . 1 2 . . . 3 . 6 . 2 . 3 Swap 97 | . 5 1 11 4 2 3 4 . 2 1 10 6 . . . 3 19 3 4 2 12 . . 2 . 2 1 Drop 167 | . 3 1 25 5 1 10 2 . 7 1 . 1 . 2 1 9 17 3 . 8 27 2 6 6 18 11 1 Fire 822 | 13 69 39 97 7 37 8 22 1 1 14 98 42 21 . 12 33 54 21 . 19 75 2 . 15 36 56 30 Melee 117 | . . . . . . . . . . . . . . 1 . . 40 . 3 . . . . 22 34 16 1 Ram 1 | . . . . . . . . . . . . . . . . . . . . . . 1 . . . . . Kick 26 | . . . . 3 . 5 . . . . 1 . . . . 1 4 . . . . . . . . 12 . Crush 3 | . . . 1 . . . . . . . . . . . . . . . . . . 2 . . . . . Escape Stasis 14 | . . . . . . . . . . . . . . . . . 7 . . . 3 . . . . 4 . Rewire 1 | . . . . . . . . . . . . . . . . . . . . . 1 . . . . . . Trap 1 | . . . . . . . . . . . . . . . . . 1 . . . . . . . . . . Miscellaneous 36 | . . . . . . . . . . . . . . . . . . 8 . . . . 28 . . . . Route ------- -11/Scrapyard -10/Materials (discovered 5 exits: *Mat x3 / [*Min] / *Sub) -10/Subcaves (discovered 3 exits: *Mat x2 / Rec) -8/Materials (discovered 3 exits: *Fac x3) -7/Factory -7/Waste -7/Factory (discovered 4 exits: *Fac x2 / *Low x2) -7/Lower Caves -7/Lower Caves -7/Zion -6/Proximity Caves -6/Factory (discovered 4 exits: *Fac x2 / *Low x2) -6/Lower Caves -6/Lower Caves (discovered 2 exits: Fac / *Dat) -6/Data Miner -5/Proximity Caves -5/Factory -5/Extension (discovered 2 exits: *Fac / *Cet) -5/Cetus (discovered 2 exits: *Fac / *Arc) -5/Archives -5/Hub_04(d) (discovered 4 exits: *Fac x4) -4/Factory -3/Research -3/Testing -2/Research -2/Quarantine (discovered 3 exits: *Acc / *Sec / *Frg) -2/Section 7 -1/Access To Fleet Rendezvous History --------- Turn | Location | Event 15 | -11/Scrapyard | Discovered new exit (range 16) 158 | -11/Scrapyard | Entered Materials 304 | -10/Materials | Build established: Mutant 372 | -10/Materials | Discovered new exit (range 7) 620 | -10/Materials | Discovered new exit (range 10) 729 | -10/Materials | Identified exit to Materials 729 | -10/Materials | Identified exit to Subcaves 760 | -10/Materials | Learned location of 1 exit from Recycling 800 | -10/Materials | Learned location of 3 exits from Materials 1315 | -10/Materials | Entered Subcaves 1316 | -10/Subcaves | Approached by a straggling Scientist 1316 | -10/Subcaves | Identified exit to Materials 1341 | -10/Subcaves | Identified exit to Recycling 1373 | -10/Subcaves | A Subdweller sparked back to life 1373 | -10/Subcaves | A Subdweller sparked back to life 1391 | -10/Subcaves | Core integrity fell below 50% 1437 | -10/Subcaves | Lost 3 parts (1u2w) 1464 | -10/Subcaves | Found Prototype Leg 1512 | -10/Subcaves | Shifting Twisted Machinery released Sub. Beam Cannon 1514 | -10/Subcaves | Shifting Twisted Machinery released Barrage Gun 1856 | -10/Subcaves | Discovered exit to Materials (range 4) 1862 | -10/Subcaves | Entered Materials 1862 | -8/Materials | Evolved 4 slots: Propulsion x2, Utility x2 1863 | -8/Materials | Identified exit to Factory 2325 | -8/Materials | Identified Arachnoskeleton 2640 | -8/Materials | Learned Storage trap positions 2694 | -8/Materials | Learned Storage garrison access intel 2740 | -8/Materials | Learned Storage trap positions 2775 | -8/Materials | Learned 4 Recycling zone layouts 2832 | -8/Materials | Learned Storage emergency access door positions 2875 | -8/Materials | Learned 2 Lower Caves zone layouts 2889 | -8/Materials | Build established: Scavenger-Mutant 3554 | -8/Materials | Central database locked down 3562 | -8/Materials | Entered Factory 3562 | -7/Factory | Evolved 2 slots: Power x1, Utility x1 3566 | -7/Factory | Attached Arachnoskeleton, gained temporary slots: Propulsion x3 4006 | -7/Factory | Sucked down chute 4006 | -7/Factory | Entered Waste 4032 | -7/Waste | Spotted C-40 Crusher 4058 | -7/Waste | Destroyed C-40 Crusher 4072 | -7/Waste | Spotted C-40 Crusher 4079 | -7/Waste | Spotted C-40 Crusher 4083 | -7/Waste | Spotted C-40 Crusher 4088 | -7/Waste | Destroyed C-40 Crusher 4092 | -7/Waste | Spotted C-40 Crusher 4108 | -7/Waste | Destroyed C-40 Crusher 4142 | -7/Waste | Spotted C-40 Crusher 4153 | -7/Waste | Crushed by Compactor (1 part destroyed, 1 dropped) 4191 | -7/Waste | Destroyed C-40 Crusher 4201 | -7/Waste | Destroyed C-40 Crusher 4205 | -7/Waste | Destroyed C-40 Crusher 4328 | -7/Waste | Warlord forces began an assault 4429 | -7/Waste | Discovered new exit (range 12) 4445 | -7/Waste | Identified exit to Factory 4454 | -7/Waste | Build established: Mutant 4484 | -7/Waste | Entered Factory 4484 | -7/Factory | Accompanied by 18 allies 4532 | -7/Factory | Central database locked down 4585 | -7/Factory | Lost 3 allies 4591 | -7/Factory | Allied Derelicts emerged from ambush trap array 4603 | -7/Factory | Discovered new exit (range 13) 4612 | -7/Factory | Discovered new exit (range 15) 4616 | -7/Factory | Identified exit to Lower Caves 4627 | -7/Factory | Identified exit to Factory 4686 | -7/Factory | Discovered exit to Factory (range 8) 4728 | -7/Factory | Lost 3 allies 5138 | -7/Factory | Entered Lower Caves 5138 | -7/Lower Caves | Accompanied by 10 allies 5155 | -7/Lower Caves | Found DCF Scrap (13 items) 5183 | -7/Lower Caves | Identified exit to Lower Caves 5405 | -7/Lower Caves | Spotted B-75 Beast 5423 | -7/Lower Caves | Destroyed B-75 Beast 5526 | -7/Lower Caves | Learned Factory stockpile data 5534 | -7/Lower Caves | Attracted the attention of an 0b10 checkpoint 6253 | -7/Lower Caves | Entered another Lower Caves area 6253 | -7/Lower Caves | Accompanied by 10 allies 6266 | -7/Lower Caves | Learned Factory emergency access door positions 6486 | -7/Lower Caves | Lost 3 allies 6635 | -7/Lower Caves | Encountered a Warlord checkpoint 6748 | -7/Lower Caves | Discovered new exit (range 5) 6752 | -7/Lower Caves | Identified exit to Zion 6906 | -7/Lower Caves | Entered Zion 6906 | -7/Zion | Accompanied by 6 allies 7001 | -7/Zion | Found Prototype Device 7159 | -7/Zion | Given A8's code to call for help 7241 | -7/Zion | Met Imprinter 7262 | -7/Zion | Imprinted 7264 | -7/Zion | Declared Zion's savior 7323 | -7/Zion | Given the Hacking Drone Bay 7324 | -7/Zion | Found Prototype Device 7634 | -7/Zion | Acquired unknown access codes intercepted by a Zionite 8021 | -7/Zion | Found Prototype Processor 8021 | -7/Zion | Identified Exp. Armor Integrity Analyzer 8041 | -7/Zion | System corruption cleaned by Quarantine Array 8061 | -7/Zion | Found Prototype Processor 8061 | -7/Zion | Identified Exp. Targeting Computer 8066 | -7/Zion | Found Prototype Processor 8066 | -7/Zion | Identified Exp. Melee Analysis Suite 8070 | -7/Zion | Found Prototype Processor 8070 | -7/Zion | Identified Exp. Core Analyzer 8298 | -7/Zion | Discovered new exit (range 9) 8306 | -7/Zion | Identified exit to Proximity Caves 8385 | -7/Zion | Entered Proximity Caves 8385 | -6/Proximity Caves | Accompanied by 10 allies 8658 | -6/Proximity Caves | Spotted B-75 Beast 8682 | -6/Proximity Caves | Destroyed B-75 Beast 8893 | -6/Proximity Caves | Discovered exit to Factory (range 10) 8922 | -6/Proximity Caves | Entered Factory 8922 | -6/Factory | Accompanied by 8 allies 8922 | -6/Factory | Evolved 2 slots: Utility x2 8923 | -6/Factory | Identified exit to Lower Caves 8994 | -6/Factory | Repaired Gauss Rifle 9034 | -6/Factory | Repaired Missile Launcher 9145 | -6/Factory | Discovered new exit (range 12) 9161 | -6/Factory | Identified exit to Factory 9434 | -6/Factory | Retrieved Zion intel report: Active Terminals 9585 | -6/Factory | Retrieved Zion intel report: Component Stockpiles 9644 | -6/Factory | Build established: Skirmisher 9710 | -6/Factory | Garrison activated, responded to threat 9731 | -6/Factory | Discovered exit to Factory (range 5) 9751 | -6/Factory | Lost 3 allies 9784 | -6/Factory | Identified Mobile Refinery Mk. CCLXVII 9835 | -6/Factory | Lost 3 parts (2n1u) 10010 | -6/Factory | Fabricated HERF Cannon? 10180 | -6/Factory | Terminal network hard line cut 10212 | -6/Factory | Discovered exit to Lower Caves (range 6) 10222 | -6/Factory | Entered Lower Caves 10223 | -6/Lower Caves | Encountered a Warlord checkpoint 10276 | -6/Lower Caves | Lost 3 parts (1p2w) 10494 | -6/Lower Caves | Lost 7 parts (2p1n1u3w) 10824 | -6/Lower Caves | Build established: Derelict-Mutant 10834 | -6/Lower Caves | Attracted the attention of an 0b10 outpost 10866 | -6/Lower Caves | Discovered new exit (range 7) 10892 | -6/Lower Caves | Identified exit to Lower Caves 11204 | -6/Lower Caves | Learned location of 1 exit from Lower Caves 11381 | -6/Lower Caves | Entered another Lower Caves area 11525 | -6/Lower Caves | Learned 8 Factory zone layouts 11599 | -6/Lower Caves | Encountered a Warlord checkpoint 11697 | -6/Lower Caves | Entered a destroyed Warlord outpost 11709 | -6/Lower Caves | Learned Factory terminal intel 11969 | -6/Lower Caves | Discovered new exit (range 6) 12028 | -6/Lower Caves | Lost 3 parts (1p1n1w) 12033 | -6/Lower Caves | Identified exit to Data Miner 12034 | -6/Lower Caves | Entered Data Miner 12034 | -6/Data Miner | Discovered new exit (range 6) 12058 | -6/Data Miner | Met Data Miner 12078 | -6/Data Miner | Learned location of Section 7 (-2) 12078 | -6/Data Miner | Acquired the access code to Warlord's prototype stash 12099 | -6/Data Miner | Received God Mode back door access code from Data Miner 12149 | -6/Data Miner | Identified exit to Proximity Caves 12152 | -6/Data Miner | Entered Proximity Caves 12266 | -5/Proximity Caves | Build established: Scavenger-Mutant 12407 | -5/Proximity Caves | Found Alien Artifact 12407 | -5/Proximity Caves | Identified Core Expander 12407 | -5/Proximity Caves | Installed Core Expander, added new Weapon slot 12452 | -5/Proximity Caves | Discovered exit to Factory (range 6) 12534 | -5/Proximity Caves | Entered Factory 12534 | -5/Factory | Evolved 2 slots: Propulsion x1, Utility x1 12536 | -5/Factory | Loaded intel: 28 terminal locations 12858 | -5/Factory | Retrieved Zion intel report: Active Garrisons 12881 | -5/Factory | Retrieved Zion intel report: Depthwide Sectors/-5 12908 | -5/Factory | Retrieved Zion intel report: Emergency Access 12963 | -5/Factory | Discovered new exit (range 7) 12971 | -5/Factory | Identified exit to Extension 12973 | -5/Factory | Entered Extension 13262 | -5/Extension | Zion Heavy squad teleported in 13419 | -5/Extension | Zion Fire squad teleported in 13429 | -5/Extension | Retrieved Zion intel report: Prototype Schematics 13430 | -5/Extension | Zion Light squad teleported in 13553 | -5/Extension | Rescued a captive Derelict 13554 | -5/Extension | Rescued a captive Derelict 13583 | -5/Extension | Rescued a captive Derelict 13585 | -5/Extension | Rescued a captive Derelict 13658 | -5/Extension | Rescued a captive Derelict 13888 | -5/Extension | Spotted B-75 Beast 13890 | -5/Extension | Allies destroyed B-75 Beast 13900 | -5/Extension | Spotted B-75 Beast 13909 | -5/Extension | Allies destroyed B-75 Beast 13943 | -5/Extension | Lost 3 allies 14180 | -5/Extension | Terminal network hard line cut 14389 | -5/Extension | Rescued A7 14452 | -5/Extension | Discovered new exit (range 10) 14453 | -5/Extension | Discovered new exit (range 6) 14479 | -5/Extension | Disrupted transfer network 14536 | -5/Extension | Lost 4 parts (1p1n2u) 14541 | -5/Extension | Build established: Commander-Gunner 14559 | -5/Extension | Entered Cetus 14559 | -5/Cetus | Accompanied by 20 allies (A7) 14564 | -5/Cetus | Acquired a Cetus Manufacturing Module code from A7 14575 | -5/Cetus | Spotted Cetus Guard 14575 | -5/Cetus | Spotted Cetus Guard 14578 | -5/Cetus | Spotted Cetus Guard 14579 | -5/Cetus | Spotted Cetus Guard 14581 | -5/Cetus | Destroyed Cetus Guard 14590 | -5/Cetus | Allies destroyed Cetus Guard 14592 | -5/Cetus | Allies destroyed Cetus Guard 14597 | -5/Cetus | Allies destroyed Cetus Guard 14657 | -5/Cetus | Started Cetus Manufacturing Module 14682 | -5/Cetus | Manufactured an Enhanced Grunt 14692 | -5/Cetus | Escorted A7 to Cetus Mainframe 14707 | -5/Cetus | Manufactured an Enhanced Grunt 14707 | -5/Cetus | Discovered new exit (range 15) 14732 | -5/Cetus | Manufactured an Enhanced Grunt 14738 | -5/Cetus | Spotted Cetus Guard 14738 | -5/Cetus | Spotted Cetus Guard 14742 | -5/Cetus | Spotted Cetus Guard 14744 | -5/Cetus | Allies destroyed Cetus Guard 14744 | -5/Cetus | Spotted Cetus Guard 14752 | -5/Cetus | Destroyed Cetus Guard 14755 | -5/Cetus | Allies destroyed Cetus Guard 14757 | -5/Cetus | Manufactured an Enhanced Grunt 14760 | -5/Cetus | Allies destroyed Cetus Guard 14769 | -5/Cetus | Discovered new exit (range 16) 14774 | -5/Cetus | Scared off Revision 17 14782 | -5/Cetus | Manufactured an Enhanced Grunt 14982 | -5/Cetus | Entered Archives 14982 | -5/Archives | Accompanied by 21 allies (A7) 14987 | -5/Archives | Received a hacking code to weaken MAIN.C 14995 | -5/Archives | Met Zhirov 15001 | -5/Archives | Reinforcements dispatched to Archives 15008 | -5/Archives | Discovered new exit (range 18) 15017 | -5/Archives | Read partially decrypted archive contents 15046 | -5/Archives | Reinforcements dispatched to Archives 15066 | -5/Archives | Zhirov detonated Archives 15079 | -5/Archives | Entered Hub_04(d) 15097 | -5/Hub_04(d) | Lost 20 allies 15155 | -5/Hub_04(d) | Retrieved Zion intel report: Main Access 15155 | -5/Hub_04(d) | Identified exit to Factory 15156 | -5/Hub_04(d) | Zion Heavy squad teleported in 15182 | -5/Hub_04(d) | Zion Heavy squad teleported in 15341 | -5/Hub_04(d) | Zion Demo squad teleported in 15376 | -5/Hub_04(d) | Build established: Messiah-Tank 15405 | -5/Hub_04(d) | Retrieved Zion intel report: Depthwide Sectors/-4 15436 | -5/Hub_04(d) | Network Hub disabled 15436 | -5/Hub_04(d) | Network Hub disabled 15467 | -5/Hub_04(d) | Entered Factory 15467 | -4/Factory | Accompanied by 3 allies 15467 | -4/Factory | Evolved 2 slots: Utility x2 15574 | -4/Factory | Fabricated Enh. Armored Leg (x1) 15710 | -4/Factory | Identified Hacking Drone Bay 15876 | -4/Factory | Incoming investigation squad redirected 16065 | -4/Factory | Retrieved Zion intel report: Depthwide Sectors/-3 16210 | -4/Factory | Incoming investigation squad redirected 16327 | -4/Factory | Lost 3 parts (1n1u1w) 16461 | -4/Factory | Incoming assault squad redirected 16467 | -4/Factory | First assault squad dispatched 16471 | -4/Factory | Spotted B-86 Titan 16475 | -4/Factory | Incoming assault squad redirected 16508 | -4/Factory | Destroyed B-86 Titan 16543 | -4/Factory | Lost 7 parts (2n3u2w) 16584 | -4/Factory | Lost 4 parts (2p1u1w) 16594 | -4/Factory | Cargo convoy interrupted 16649 | -4/Factory | Incoming assault squad redirected 16690 | -4/Factory | Lost 4 parts (1p2n1w) 16696 | -4/Factory | Zion Hacker squad teleported in 16735 | -4/Factory | Discovered new exit (range 7) 16740 | -4/Factory | Core integrity fell below 50% 16743 | -4/Factory | Identified exit to Research 16744 | -4/Factory | Entered Research 16744 | -3/Research | Accompanied by 1 ally 16744 | -3/Research | Evolved 2 slots: Utility x2 16773 | -3/Research | Lost 6 parts (2p1n2u1w) 16902 | -3/Research | Spotted B-86 Titan 16979 | -3/Research | Zion Light squad teleported in 16989 | -3/Research | Local machine network offline 16990 | -3/Research | Discovered new exit (range 8) 16993 | -3/Research | Identified exit to Testing 16999 | -3/Research | Entered Testing 17001 | -3/Testing | Lost 5 parts (2n2u1w) 17027 | -3/Testing | Lost 3 allies 17049 | -3/Testing | Build established: Mutant 17049 | -3/Testing | Found Prototype Energy Gun 17049 | -3/Testing | Identified Tachyon Dispersion Ray 17112 | -3/Testing | Retrieved Zion intel report: Trap Installations 17117 | -3/Testing | Retrieved Zion intel report: Prototype Stockpiles 17125 | -3/Testing | Retrieved Zion intel report: Depthwide Sectors/-2 17127 | -3/Testing | Spotted Superbehemoth 17217 | -3/Testing | Found Prototype Ballistic Cannon 17217 | -3/Testing | Identified Perforator 17263 | -3/Testing | Spotted PG-TUPV5RVKL0 17264 | -3/Testing | Retrieved Zion intel report: Component Schematics 17278 | -3/Testing | Discovered new exit (range 6) 17288 | -3/Testing | Retrieved Zion intel report: Unaware Schematics 17297 | -3/Testing | Identified exit to Research 17299 | -3/Testing | Entered Research 17299 | -2/Research | Evolved 2 slots: Propulsion x1, Utility x1 17508 | -2/Research | Spotted B-90 Cyclops 17794 | -2/Research | Build established: Scavenger-Mutant 17828 | -2/Research | Discovered new exit (range 16) 17880 | -2/Research | Identified exit to Quarantine 17893 | -2/Research | Entered Quarantine 17903 | -2/Quarantine | Found Alien Artifact 17903 | -2/Quarantine | Identified Core Reset Matrix 17903 | -2/Quarantine | Used Core Reset Matrix 17907 | -2/Quarantine | Detected hypermatrix surge 17907 | -2/Quarantine | Sensed 16 artifacts in vicinity 17939 | -2/Quarantine | Found Core Cannon 17970 | -2/Quarantine | Found Hpw. Transdimensional Reconstructor 17974 | -2/Quarantine | Found Hpw. Transdimensional Reconstructor 17984 | -2/Quarantine | Found Matter Drive 18261 | -2/Quarantine | Found Phase Armor 18305 | -2/Quarantine | Discovered new exit (range 15) 18319 | -2/Quarantine | System corruption reached 10% 18337 | -2/Quarantine | Identified exit to Access 18426 | -2/Quarantine | Found Core Stripper 18541 | -2/Quarantine | Spotted Fortress 18647 | -2/Quarantine | Destroyed Fortress 18655 | -2/Quarantine | Found Unknown Protection 18655 | -2/Quarantine | Identified Hvy. Insulated Plating 18660 | -2/Quarantine | Found Prototype Device 18660 | -2/Quarantine | Identified Exp. Force Field 18673 | -2/Quarantine | Found Prototype Device 18673 | -2/Quarantine | Identified Thermal Barrier 18788 | -2/Quarantine | Discovered new exit (range 6) 18788 | -2/Quarantine | Discovered new exit (range 6) 18794 | -2/Quarantine | Identified exit to Protoforge 18800 | -2/Quarantine | Identified exit to Section 7 18802 | -2/Quarantine | Entered Section 7 18803 | -2/Section 7 | Detected hypermatrix surge 18803 | -2/Section 7 | Sensed 24 artifacts in vicinity 18817 | -2/Section 7 | Found Integrated Reactor 18817 | -2/Section 7 | Installed Integrated Reactor, increased core energy generation (+10) 19052 | -2/Section 7 | First assault squad dispatched 19146 | -2/Section 7 | Found Integrated Dissipator 19146 | -2/Section 7 | Installed Integrated Dissipator, increased core heat dissipation (+20) 19198 | -2/Section 7 | Retrieved Zion intel report: Emergency Access 19258 | -2/Section 7 | Retrieved Zion intel report: Guard Positions 19288 | -2/Section 7 | Found Core Reset Matrix 19290 | -2/Section 7 | Sensed 21 artifacts in vicinity 19324 | -2/Section 7 | Retrieved Zion intel report: Prototype Stockpiles 19355 | -2/Section 7 | Spotted Alpha 7 19371 | -2/Section 7 | Spotted Alpha 7 19421 | -2/Section 7 | Spotted B-99 Colossus 19648 | -2/Section 7 | Integrated with Sigix Exoskeleton 19692 | -2/Section 7 | Spotted Executioner 19693 | -2/Section 7 | Spotted Executioner 19750 | -2/Section 7 | Spotted Executioner 19750 | -2/Section 7 | Spotted Executioner 19829 | -2/Section 7 | Sigix Exoskeleton integrity reduced to 80% 19859 | -2/Section 7 | Lost 3 allies 19881 | -2/Section 7 | Spotted B-90 Cyclops 19895 | -2/Section 7 | Discovered exit to Access (range 18) 19901 | -2/Section 7 | Core integrity fell below 50% 19910 | -2/Section 7 | Entered Access 19910 | -1/Access | Evolved 2 slots: Utility x2 19915 | -1/Access | Emitted hypermatrix ping 19920 | -1/Access | Assembled emerged from beneath the floor 19951 | -1/Access | Build established: Alien-Sigix 19977 | -1/Access | Zion Recon squad teleported in 20035 | -1/Access | Sigix Exoskeleton integrity reduced to 60% 20044 | -1/Access | Warped through subspace 20053 | -1/Access | Assembled emerged from beneath the floor 20056 | -1/Access | Garrison activated, responded to threat 20084 | -1/Access | Lost 3 allies 20097 | -1/Access | Assembled emerged from beneath the floor 20106 | -1/Access | Discovered new exit (range 18) 20261 | *** | Heading to fleet! Last Messages --------------- Barrier. 20250_ Quantum Shear penetrates H-88 Terminator. 20251_ Penetrated by Slug. 20252_ Slug penetrates Reinforced Barrier. 20252_ K-01 Serf collects debris. 20252_ Quantum Shear penetrates H-88 Terminator. 20255_ Slug penetrates Reinforced Barrier. 20255_ Quantum Shear penetrates H-88 Terminator. 20255_ Destroyed Unknown Ballistic Gun. 20255_ Quantum Shear penetrates H-88 Terminator. 20256_ K-01 Serf collects debris. 20258_ C-45 Heavy ARC bursts open, deploying its payload. 20258_ G-73 Enforcer unfolds itself. 20258_ B-74 Champion unfolds itself. 20258_ G-73 Enforcer unfolds itself. 20258_ I-47 Archangel unfolds itself. 20260_ Slug penetrates Main Access Shell. [Achievement: On My Own Terms] Map ----- +----------------------------------------------------+ | # # " # ????????????? | | / + """ # ????????????? | | # # """ # ????????????? | | # # " # ???????????? | | ####+############ ##"########## ???????????? | | #### ##### * ???????????? | | #### =%= ???????????? | | #### ########"#/"#####+##########???????????? | | #### # """"" %[k# ###### ??????????? | | + + """"" gg # ###### ??????????? | | #### ###### """" b # % ###### ??????????? | | #### ###### """"" g# ###### ??????????? | | #### ###### """"" # *!= ###### ??????????? | | ?###+###### # *= ######C ?????????? | | ?? ## *# != ###### ?????????? | | ??? ## =%# ###### #????????? | | ??? ## =################ ##???????? | | ??? ## u *=################ ##???????? | | ????" " ###########"""############### ##???????? | | ??? "T" ########## %[ ############### ###??????? | | ??? """ ############=########"####### ###??????? | | ??? # """"%h " ###??????? | | ???? # BB """"h " C ###??????? | | ????###### BB """" """""" " k ###??????? | | ???? """" " " ####?????? | | ???? """" "X " " ###??????? | | ???? """" "" " " ###??????? | | ????? """" " " ###??????? | | ?????##### BB """" """""" " ###??????? | | ????? ## BB """" """" """ ###??????? | | ?????? ## """" """"T""" ##???????? | | ?????? ######################"####### ##???????? | | ?????? ##############################w ##???????? | | ??????? ############################## #????????? | | ????????############################## ?????????? | | ????????############################## ?????????? | | ?????????############################# C?????????? | | ?????????? """"" #################w??????????? | | ???????????""Y"" ################????????????? | | ????????????? ##############??????????????? | | ?????????????? #############???????????????? | | ?????????????????"" ##########??????????????????? | | ??????????????????????#??#???????????????????????? | | ?????????????????????????????????????????????????? | | ?????????????????????????????????????????????????? | | ?????????????????????????????????????????????????? | | ?????????????????????????????????????????????????? | | ?????????????????????????????????????????????????? | | ?????????????????????????????????????????????????? | | ?????????????????????????????????????????????????? | +----------------------------------------------------+ Best States ------------- Heat Dissipation 147 Coolant Potential 100 Energy Generation 78 Energy Capacity 510 Matter Stores 300 Matter Capacity 350 Sight Range 18 Robot Scan Range 16 Terrain Scan Range 16 Terrain Scan Density 210 Jamming Range 12 Additional Mass Support 12 Corruption Containment 12 Armor Coverage 750 Resistance: KI 50 Resistance: TH 50 Resistance: EX 50 Resistance: EM 50 Resistance: I 50 Resistance: S 50 Resistance: P 50 Propulsion Shielding 66 Weapon Shielding 66 Point Defense Rating 240 Phase Shifting 10 Evasion (%) 82 Targeting Accuracy 14 Target Analysis 12 Core Analysis 8 Recoil Reduction 6 Matter Filtering 50 Energy Filtering 50 Particle Charging 25 Salvage Targeting 4 Offensive Hacking 10 Authchip Count 1 Item Schematics ----------------- Cld. Q-thruster | -2/Section 7 | Archive Gravity Neutralizer | -2/Section 7 | Archive Robot Schematics ------------------ K-01 Serf | -2/Section 7 | Archive A-02 Transporter | -2/Section 7 | Archive Fabricated ------------ HERF Cannon | x2 | -6/Factory | Preloaded Enh. Armored Leg | x1 | -4/Factory | Authchip Repaired ---------- Gauss Rifle | 53% | -6/Factory Missile Launcher | 46% | -6/Factory Studied --------- None Alien Tech Used ----------------- Core Expander Core Reset Matrix Phase Armor Integrated Reactor Integrated Dissipator Core Cannon Sigix Exoskeleton Sigix Sheargun High-powered Transdimensional Reconstructor Core Stripper Achievements -------------- Integration Complete Junior Dev On My Own Terms Sacrificial Teamwork Challenges ------------ None Game ------ Seed BehemothMediumMembrane Manual? 0 Play Time 03:20:38 Cumulative 260.8 hours Start 2025.12.02 @ 20:06:57 End 2025.12.03 @ 12:45:19 Sessions 5 Manual Loads 0 Difficulty Rogue Special Mode None Game No. 200 Rogue 200 Adventurer 0 Explorer 0 Win Type 2 Total 11 Types 7/0/3/1/0/0/0/0/0/0 Lore% 83 Gallery% 73 Achievement% 55 Wizard Run 0 Options --------- Layout 1 ASCII 0 Keyboard 0 Movement Numpad Keybinds 0 Fullscreen 1 Font 24/Smallcaps Map View 50x35 Zoom Use 0% Tactical HUD 1 Map Filters NONE Filters NONE Steam 1 RUN: 8e949648-fa8c-4e1f-a3ad-22837e5e5d55